 Dungeon Crawl Stone Soup version 0.30-a0-643-g638baaf3f0 (webtiles) character file.

Game seed: 3256183856116813262

9297 Absynth the Cleaver (level 11, -5/94 HPs)
             Began as a Minotaur Fighter on Jan 16, 2023.
             Was a High Priest of Okawaru.
             Slain by an ettin
             ... wielding a +0 dire flail
              (10 damage)
             ... on level 2 of the Orcish Mines.
             The game lasted 00:30:49 (9030 turns).

Absynth the Cleaver (Minotaur Fighter)              Turns: 9030, Time: 00:30:50

Health: -5/94      AC: 17    Str: 24    XL:     11   Next: 21%
Magic:  14/14      EV:  7    Int:  5    God:    Okawaru [*****.]
Gold:   1371       SH:  5    Dex: 11    Spells: 10/10 levels left

rFire   . . .      SeeInvis +    a - +0 battleaxe
rCold   . . .      Faith    .    (shield currently unavailable)
rNeg    . . .      Spirit   .    N - +2 plate armour {Will+}
rPois   .          Reflect  +    (helmet restricted)
rElec   .          Harm     .    (no cloak)
rCorr   +          Rampage  .    (no gloves)
Will    +....                    A - +0 pair of boots Stlth
                                 v - amulet of reflection
HPRegen 0.35/turn                w - ring of see invisible
MPRegen 0.14/turn                L - ring of resist corrosion

@: marked, hasted, very quick
A: horns 2, retaliatory headbutt
a: Renounce Religion, Heroism, Finesse, Duel


You were on level 2 of the Orcish Mines.
You worshipped Okawaru.
Okawaru was extremely pleased with you.
You visited 2 branches of the dungeon, and saw 11 of its levels.
You also visited: Sewer.

You collected 1371 gold pieces.

Inventory:

Hand Weapons
 a - a +0 battleaxe (weapon)
 b - a +0 shortbow of freezing
Missiles
 u - 2 atropa-tipped darts
 M - a throwing net (quivered)
Armour
 A - a +0 pair of boots (worn)
 N - a +2 plate armour of willpower (worn)
Jewellery
 v - an amulet of reflection (around neck)
 w - a ring of see invisible (left hand)
 L - a ring of resist corrosion (right hand)
Wands
 z - a wand of paralysis (7)
 D - a wand of digging (3)
 E - a wand of mindburst (17)
 H - a wand of quicksilver (3)
Scrolls
 e - 4 scrolls of teleportation
 f - a scroll of silence
 k - 13 scrolls of identify
 n - a scroll of poison {unknown}
 o - a scroll of summoning {unknown}
 p - 2 scrolls of blinking
 r - 2 scrolls of fog {unknown}
 s - a scroll of enchant armour
 y - 2 scrolls of enchant weapon
 C - 3 scrolls of amnesia {unknown}
 F - a scroll of noise {unknown}
 G - 2 scrolls of immolation {unknown}
 J - a scroll of torment {unknown}
Potions
 c - a potion of mutation {unknown}
 d - 4 potions of might
 g - a potion of flight {unknown}
 h - 3 potions of degeneration {unknown}
 i - a potion of haste
 j - a potion of magic {unknown}
 l - 4 potions of heal wounds {unknown}
 q - 5 potions of curing
 t - 4 potions of resistance {unknown}
 x - a potion of ambrosia {unknown}
 B - a potion of invisibility {unknown}
 K - 2 potions of brilliance {unknown}


   Skills:
 - Level 8.2 Fighting
 + Level 11.8 Axes
 * Level 7.5 Ranged Weapons
 + Level 9.9 Armour
 - Level 8.0 Shields
 + Level 6.1 Invocations


You had 10 spell levels left.
You didn't know any spells.
Your spell library contained the following spells:

 Spells                   Type           Power      Damage    Failure   Level
 Ozocubu's Armour         Ice            0%         N/A       100%        3
 Metabolic Englaciation   Hex/Ice        0%         N/A       100%        5
 Orb of Destruction       Conj           0%         9d5       100%        7
 Ozocubu's Refrigeration  Ice            0%         4d7       100%        7
 Summon Guardian Golem    Hex/Summ       Unusable   N/A       N/A         3
 Simulacrum               Ice/Necr       Unusable   N/A       N/A         6
 Spellforged Servitor     Conj/Summ      Unusable   N/A       N/A         7

Dungeon Overview and Level Annotations

Branches:
Dungeon (9/15)             Temple (0/1) D:7            Lair (0/5) D:9
    Orc (2/2) D:9           Sewer (visited)
    Elf: Orc:2

Altars:
Ashenzari
Cheibriados
Fedhas
Nemelex Xobeh
Okawaru
Ru
Uskayaw
Zin
The Shining One

Shops:
D:1 (

Annotations:
Orc:2 Rupert, Sonja


Innate Abilities, Weirdness & Mutations

You have a pair of horns on your head.
You reflexively headbutt those who attack you in melee.


Message History

You assume a fearsome visage.
Rupert looks frightened!
The ogre looks frightened!
The orc warrior looks frightened!
The orc looks frightened!
The orc priest looks frightened!
The orc looks frightened!
The orc priest prays for help.
The orc pulls the alarm!
The alarm trap emits a blaring wail!
A sentinel's mark forms upon you.
You hear a shout! x14; You hear a howl!
You hear a shout! x12; You hear a howl!
You hear a shout! x15; You hear two shouts!
You hear a shout! x4
You hear two shouts!
You hear a shout! x12
An ettin comes into view. It is wielding two +0 dire flails.
Sonja, the Graceful Assassin comes into view.
She is wielding a +1 dagger of venom and quivering curare-tipped darts.
Sonja gestures wildly while chanting.
Sonja blinks!
Sonja moves out of view.
The ettin barely misses you.
The ettin hits you with a +0 dire flail!
A troll comes into view.
You slash the ettin!
You headbutt the ettin, but do no damage.
The ettin is moderately wounded.
An orc wizard comes into view. It is wielding a +0 dagger.
The ettin hits you with a +0 dire flail!
You block the ettin's attack.
Okay, then.
You feel yourself speed up.
An orc warrior comes into view. It is wielding a +0 battleaxe.
An orc comes into view.
It is wielding a +0 short sword of venom.
An orc wizard comes into view. It is wielding a +0 dagger.
The ettin hits you with a +0 dire flail.
The ettin hits you with a +0 dire flail!!
* * * LOW HITPOINT WARNING * * *
You hit the ettin but do no damage.
The ettin is moderately wounded.
You slash the ettin!
The ettin is heavily wounded.
The orc wizard mumbles some strange words.
The orc wizard flickers and vanishes for a moment.
The ettin hits you with a +0 dire flail!
You die...

.........# ..#......#_).#...
.........# .#.......#...#...
.........####.##..#...#####...
.......o......##..............
....#..o.########.........#...
........oo.### #.........#...
#########...## ##.......#....
###C.## ###......#.##
##@.#..........###
#..#.######..## ##.# #...# #.#
+..## #.# #.## #.# ..# ##.# .#
#..# ##..#


You could see an ettin, an orc warrior, 2 orc wizards and an orc.

Vanquished Creatures
  3 two-headed ogres
  An orc sorcerer (Orc:1)
  A gargoyle (D:9)
  A troll (Orc:2)
  A hornet (D:9)
  7 yaks
  2 steam dragons (D:6)
  Menkaure (D:7)
  3 water moccasins
  An ice beast (D:6)
  A black bear (D:8)
  7 orc warriors
  3 sky beasts
  5 ogres
  2 centaurs
  A phantom (D:7)
  A kobold brigand (D:9)
  8 bullfrogs
  A necrophage (D:6)
  6 scorpions
  3 gnoll sergeants
  4 killer bees
  6 howler monkeys
  2 jellies
  4 orc priests
  5 hounds
  5 iguanas
  13 orc wizards
  9 adders
  23 gnolls
  A river rat (D:3)
  A shadow imp (D:6)
  2 white imps (D:7)
  4 worms
  3 dart slugs
  67 orcs
  16 bats
  14 endoplasms
  6 giant cockroaches
  9 goblins
  5 hobgoblins
  2 jackals (D:2)
  19 kobolds
  2 quokkas
  15 ball pythons
  7 frilled lizards
  15 rats
318 creatures vanquished.

Vanquished Creatures (others)
  38 fungi
  38 plants
76 creatures vanquished.

Grand Total: 394 creatures vanquished

Notes
Turn   | Place    | Note
-------+----------+-------------------------------------------
     0 | D:1      | Absynth the Minotaur Fighter began the quest for the Orb.
     0 | D:1      | Reached XP level 1. HP: 19/19 MP: 0/0
   155 | D:1      | Reached XP level 2. HP: 27/27 MP: 1/1
   181 | D:1      | Found Quazih's Weapon Boutique.
   376 | D:1      | Reached skill level 3 in Axes
   556 | D:1      | Reached XP level 3. HP: 33/33 MP: 2/2
  1211 | D:2      | Reached XP level 4. HP: 40/40 MP: 3/3
  1533 | D:3      | Reached skill level 4 in Axes
  1549 | D:3      | Noticed a scorpion
  1560 | D:3      | Killed a scorpion
  1561 | D:3      | Reached XP level 5. HP: 9/47 MP: 4/4
  1570 | D:3      | HP: 2/47 [poisoned by a scorpion]
  1754 | D:3      | Found a glowing drain.
  1763 | Sewer    | Entered a sewer
  1875 | Sewer    | Reached skill level 5 in Axes
  2109 | D:3      | Found a faded altar of an unknown god.
  2212 | D:3      | You fall into a shaft and drop 3 floors!
  2212 | D:6      | Found a sacrificial altar of Ru.
  2218 | D:6      | Noticed a sky beast
  2250 | D:6      | Killed a sky beast
  2251 | D:6      | Reached skill level 5 in Armour
  2251 | D:6      | Reached skill level 5 in Shields
  2251 | D:6      | Reached XP level 6. HP: 20/55 MP: 5/5
  2460 | D:6      | Reached skill level 5 in Fighting
  2677 | D:6      | Reached skill level 6 in Axes
  2677 | D:6      | Reached XP level 7. HP: 56/61 MP: 6/6
  2730 | D:6      | Noticed a steam dragon
  2742 | D:6      | Killed a steam dragon
  2824 | D:5      | Entered Level 5 of the Dungeon
  2846 | D:5      | Reached skill level 7 in Axes
  2957 | D:5      | Reached XP level 8. HP: 42/70 MP: 7/7
  3535 | D:4      | Found a broken altar of Ashenzari.
  3952 | D:4      | Found a blossoming altar of Fedhas.
  3954 | D:4      | Found an iron altar of Okawaru.
  3954 | D:4      | Found a hide-covered altar of Uskayaw.
  3956 | D:4      | Found a glowing silver altar of Zin.
  3958 | D:4      | Became a worshipper of Warmaster Okawaru
  3962 | D:4      | Found a glowing golden altar of the Shining One.
  4094 | D:5      | Reached skill level 8 in Axes
  4439 | D:5      | Reached skill level 1 in Invocations
  5110 | D:7      | Reached * piety under Okawaru
  5115 | D:7      | Reached skill level 9 in Axes
  5132 | D:7      | Reached XP level 9. HP: 41/79 MP: 9/9
  5351 | D:7      | Found a staircase to the Ecumenical Temple.
  5411 | D:7      | Noticed Menkaure
  5415 | D:7      | Killed Menkaure
  6019 | D:8      | Reached ** piety under Okawaru
  6020 | D:8      | Reached skill level 10 in Axes
  6477 | D:8      | Found a snail-covered altar of Cheibriados.
  6581 | D:9      | Noticed a two-headed ogre
  6588 | D:9      | Killed a two-headed ogre
  6589 | D:9      | Reached XP level 10. HP: 61/88 MP: 10/12
  6600 | D:8      | Reached *** piety under Okawaru
  6901 | D:9      | Paralysed by a hornet for 3 turns
  6919 | D:9      | Reached skill level 11 in Axes
  7110 | D:9      | Found a staircase to the Lair.
  7168 | D:9      | Noticed a two-headed ogre
  7177 | D:9      | Killed a two-headed ogre
  7178 | D:9      | Reached skill level 5 in Ranged Weapons
  7178 | D:9      | Reached skill level 5 in Invocations
  7255 | D:9      | Found a staircase to the Orcish Mines.
  7282 | D:9      | Noticed a gargoyle
  7299 | D:9      | Killed a gargoyle
  7299 | D:9      | Received a gift from Okawaru
  7949 | D:9      | Found a sparkling altar of Nemelex Xobeh.
  8026 | Orc:1    | Entered Level 1 of the Orcish Mines
  8026 | Orc:1    | Noticed an orc sorcerer
  8034 | Orc:1    | Killed an orc sorcerer
  8034 | Orc:1    | Reached **** piety under Okawaru
  8166 | Orc:1    | Noticed a two-headed ogre
  8173 | Orc:1    | Killed a two-headed ogre
  8174 | Orc:1    | Reached XP level 11. HP: 62/94 MP: 14/14
  8473 | Orc:2    | Entered Level 2 of the Orcish Mines
  8882 | Orc:2    | Reached ***** piety under Okawaru
  9002 | Orc:2    | Noticed Rupert
  9024 | Orc:2    | Noticed an ettin
  9025 | Orc:2    | Noticed Sonja
  9030 | Orc:2    | Slain by an ettin

Illustrated notes

Levels and vault maps discovered:
D:1:      psy_arrival_spokes, layout_loops_cross, serial_shops,
          nicolae_shop_behind_doors, dreamdust_wishing_well,
          grunt_decor_resistance
D:2:      layout_rooms
D:3:      layout_rooms, chequers_ecumenical_altar_twisty, portal_sewer_entry_e
D:4:      layout_loops_ring, minitemple, cheibrodos_ashenzari_chains,
          nicolae_elevator_lobby_plus
D:5:      layout_gridville, minmay_pentangle
D:6:      cheibrodos_steamvent, layout_gridville, nicolae_ru_awakened_eye
D:7:      layout_basic, minmay_temple_entry_grid, minivault_22,
          grunt_ministairs_1, grunt_decor_junction, uniq_menkaure
D:8:      layout_cave_pools, kennysheep_mini
D:9:      layout_cave_pools, nemelex_diamond_rough_becter,
          due_lair_maze_entry_diamond, hiddenorc1_lemuel, roderic_batcave
Orc:1:    layout_caves, minmay_orc_keep
Orc:2:    grunt_orc_community_town_hall, layout_caves,
          grunt_orc_community_big_house_1, grunt_orc_community_big_house_1,
          grunt_orc_community_house_2, grunt_orc_community_house_3,
          grunt_orc_community_house_1, grunt_orc_community_house_2,
          grunt_orc_community_house_2, grunt_orc_community_house_2, uniq_rupert,
          uniq_sonja

Skill      XL: |  1  2  3  4  5  6  7  8  9 10 11 |
---------------+----------------------------------+-----
Axes           | 3 4 5 6 7 9 10 11 | 11.8
Shields        | 4 5 6 7 8 |  8.0
Fighting       | 4 5 6 7 8 |  8.2
Armour         | 4 5 6 7 8 9 |  9.9
Invocations    | 2 4 5 6 |  6.1
Ranged Weapons | 2 7 |  7.5

Action                   |  1- 3 |  4- 6 |  7- 9 | 10-12 || total
-------------------------+-------+-------+-------+-------++-------
Melee: War axe           |    94 |   135 |   314 |       ||   543
       Headbutt          |     6 |    21 |    61 |    42 ||   130
       Battleaxe         |       |       |     4 |   172 ||   176
 Fire: Shortbow          |       |       |     4 |    33 ||    37
Throw: Throwing net      |       |       |     2 |       ||     2
Invok: Heroism           |       |       |       |     6 ||     6
  Use: Potion            |       |     1 |       |     2 ||     3
       Scroll            |       |       |     9 |     1 ||    10
Armor: Scale mail        |    39 |    77 |    36 |       ||   152
       Plate armour      |       |       |    66 |   130 ||   196
Dodge: Dodged            |    34 |    54 |    68 |    87 ||   243
Block: Buckler           |    21 |    38 |   186 |       ||   245
       Reflection        |       |     1 |     7 |       ||     8
       Other             |       |       |     1 |    57 ||    58

Table legend: (Time is in decaauts)
 A = Elapsed time spent in this place.
 B = Non-inter-level travel time spent in this place.
 C = Inter-level travel time spent in this place.
 D = Time resting spent in this place.
 E = Time spent auto-exploring this place.
 F = Levels seen in this place.
 G = Mean time per level.
                   A        B        C        D        E       F      G
               +--------+--------+--------+--------+--------+-----+--------+
         Total |   9169 |   8864 |    305 |   1587 |   4887 |  12 |  764.1 |
       Dungeon |   7891 |   7606 |    285 |   1414 |   4265 |   9 |  876.8 |
  Orcish Mines |   1011 |    991 |     20 |    173 |    552 |   2 |  505.5 |
         Sewer |    266 |    266 |      0 |      0 |     69 |   1 |  266.0 |
               +--------+--------+--------+--------+--------+-----+--------+

Top non-repeatable levels by time:
     D:6: 1174 daAuts
     D:8: 1072 daAuts
     D:9: 1008 daAuts
     D:7: 886 daAuts
     D:5: 875 daAuts
     D:3: 852 daAuts
     D:1: 803 daAuts
   Orc:1: 777 daAuts
     D:4: 640 daAuts
     D:2: 577 daAuts
   Sewer: 266 daAuts
   Orc:2: 233 daAuts
